AoeStats
← [FnL^metalheadz]

Yucatan

510733536Analyzed
4v4 RM · 19h ago on Oct 2, 2026· 71m 34s· 8 players
Game mode
Random Map
Map size
Large (8 player)
Population
200
Speed
Normal
Resources
Standard
Victory
Conquest
Starting age
Dark Age
Ending age
Imperial Age
RankedLock teamsTeams togetherTeam positionsShared explorationLock speedFull tech treeHidden civsTurbo modeCheats
Victory
Defeat
🇫🇷 Ethiopians · France
1071
+14
🇩🇪 Varangians · Germany
1069
+14
🇦🇺 Khmer · Australia
1043
+16
🇨🇳 Danes · China
990
+18
🇹🇼 Japanese · Taiwan
1085
-18
🇨🇳 Celts · China
1040
-16
🇨🇳 Malians · China
1031
-15
🇨🇳 Mongols · China
976
-13
sky210753
8:01 Loom
8:31 Loom
11:08 Feudal Age
11:37 Double-Bit Axe
16:25 Castle Age
15:28 Gold Mining
15:19 Horse Collar
17:21 Bow Saw
17:12 Heavy Plow
18:58 Wheelbarrow
19:27 Pikeman
20:56 Squires
29:48 Imperial Age
27:49 Stone Mining
28:34 Forging
28:56 Scale Mail Armor
30:06 Gold Shaft Mining
29:42 Gambesons
30:36 Iron Casting
30:16 Chain Mail Armor
29:58 Halberdier
30:33 Treadmill Crane
32:05 Two-Man Saw
32:30 Blast Furnace
31:27 Capped Ram
34:02 Plate Mail Armor
34:46 Fletching
35:18 Ballistics
34:49 Guard Tower
36:43 Bodkin Arrow
37:51 Chemistry
37:28 Keep
37:54 Chemistry
36:40 Arrowslits
37:27 Man-at-Arms
38:23 Bracer
38:45 Ballistics
38:21 Murder Holes
38:49 Long Swordsman
39:36 Two-Handed Swordsman
41:05 Yasama
41:26 Conscription
40:40 Champion
43:07 Masonry
45:11 Arson
45:54 Hand Cart
48:44 Onager
54:07 Town Watch
巅峰繁唐
10:47 Feudal Age
11:00 Man-at-Arms
12:09 Arson
13:22 Scale Mail Armor
13:29 Loom
15:20 Wheelbarrow
14:59 Forging
22:19 Castle Age
23:16 Chain Mail Armor
23:37 Iron Casting
22:27 Long Swordsman
23:08 Squires
23:55 Horse Collar
24:21 Double-Bit Axe
25:41 Heavy Plow
27:53 Fletching
29:10 Pikeman
31:07 Bodkin Arrow
35:59 Bow Saw
36:44 Herbal Medicine
49:09 Hand Cart
52:44 Gold Mining
52:44 Stone Mining
53:14 Bloodlines
53:05 Husbandry
52:26 Light Cavalry
53:40 Tigui
54:52 Caravan
59:06 Imperial Age
66:18 Two-Handed Swordsman
素
8:32 Loom
11:05 Feudal Age
12:13 Town Watch
14:24 Double-Bit Axe
16:46 Stone Mining
19:39 Castle Age
19:26 Gold Mining
21:02 Bow Saw
26:04 Horse Collar
27:26 Heavy Plow
29:33 Wheelbarrow
30:46 Forging
30:36 Pikeman
32:40 Scale Mail Armor
35:21 Gold Shaft Mining
36:47 Stone Shaft Mining
39:41 Imperial Age
39:42 Man-at-Arms
42:36 Conscription
42:53 Iron Casting
43:14 Long Swordsman
44:06 Two-Handed Swordsman
47:16 Fletching
50:21 Bodkin Arrow
51:06 Hoardings
50:51 Champion
66:45 Gambesons
68:23 Chain Mail Armor
圖表大師
2:36 Loom
11:10 Feudal Age
13:57 Double-Bit Axe
17:17 Castle Age
16:15 Stone Mining
17:18 Gold Mining
17:11 Horse Collar
18:54 Stone Shaft Mining
21:21 Town Watch
22:11 Fletching
25:33 Heavy Plow
32:02 Gold Shaft Mining
31:41 Bow Saw
36:04 Imperial Age
34:16 Wheelbarrow
35:25 Husbandry
35:35 Bloodlines
36:59 Ballistics
36:35 Murder Holes
37:03 Nomads
37:24 Conscription
37:04 Bodkin Arrow
37:12 Padded Archer Armor
38:16 Chemistry
37:50 Hand Cart
38:38 Elite Mangudai
39:37 Leather Archer Armor
40:59 Bracer
41:48 Town Patrol
46:50 Hoardings
49:21 Drill
49:10 Siege Engineers
49:15 Masonry
54:07 Light Cavalry
55:04 Hussar
56:18 Scale Barding Armor
56:14 Scale Mail Armor
56:24 Forging
58:00 Chain Barding Armor
59:35 Iron Casting
63:38 Squires
63:23 Arson
62:59 Pikeman
KissMyAxe
10:25 Feudal Age
10:45 Loom
16:17 Castle Age
Skeu
6:04 Loom
12:06 Feudal Age
15:47 Castle Age
14:43 Double-Bit Axe
14:44 Horse Collar
15:52 Bloodlines
19:06 Forging
22:36 Scale Mail Armor
22:44 Scale Barding Armor
25:41 Wheelbarrow
25:19 Bow Saw
25:54 Husbandry
27:35 Scale Mail Armor
28:20 Iron Casting
29:08 Chain Barding Armor
32:00 Heavy Plow
32:18 Hand Cart
33:49 Scale Mail Armor
37:13 Imperial Age
35:55 Chain Mail Armor
38:41 Plate Mail Armor
38:08 Elite Varangian Guard
39:35 Conscription
40:24 Blast Furnace
39:30 Arson
39:46 Squires
44:51 Fletching
46:49 Bodkin Arrow
46:54 Padded Archer Armor
46:17 Elite Skirmisher
48:04 Bracer
49:03 Leather Archer Armor
心焰
10:47 Feudal Age
15:03 Castle Age
13:16 Double-Bit Axe
14:20 Horse Collar
17:25 Wheelbarrow
17:08 Bow Saw
22:38 Hand Cart
24:06 Gold Mining
24:27 Heavy Plow
25:01 Loom
30:14 Imperial Age
27:37 Town Watch
29:09 Gold Shaft Mining
28:24 Stone Mining
28:30 Hamask
30:31 Scale Mail Armor
30:41 Forging
31:01 Squires
30:47 Gambesons
30:47 Arson
31:53 Stone Shaft Mining
31:11 Elite Jomsviking
31:12 Northmen's Fury
32:13 Conscription
32:30 Hoardings
32:48 Iron Casting
32:53 Town Patrol
32:47 Capped Ram
33:45 Chain Mail Armor
34:30 Blast Furnace
34:49 Onager
36:07 Plate Mail Armor
35:35 Fletching
38:34 Siege Onager
38:39 Siege Ram
43:11 Bodkin Arrow
43:23 Scale Barding Armor
45:20 Bracer
45:21 Padded Archer Armor
45:41 Chain Barding Armor
49:26 Siege Engineers
49:42 Ballistics
50:23 Chemistry
49:34 Masonry
56:14 Guard Tower
56:20 Murder Holes
56:11 Arrowslits
58:37 Leather Archer Armor
58:58 Plate Barding Armor
64:05 Ring Archer Armor
69:52 Heavy Scorpion
[FnL^metalheadz]
11:03 Feudal Age
11:31 Loom
17:08 Castle Age
15:08 Double-Bit Axe
15:54 Horse Collar
17:12 Stone Mining
17:37 Gold Mining
18:09 Heavy Plow
19:34 Bow Saw
23:45 Town Watch
28:55 Imperial Age
30:29 Crop Rotation
29:59 Murder Holes
31:06 Chemistry
30:42 Conscription
33:00 Wheelbarrow
32:25 Town Patrol
33:12 Fortified Wall
34:16 Double Crossbow
37:18 Man-at-Arms
37:44 Arson
38:46 Long Swordsman
40:13 Forging
40:03 Scale Mail Armor
39:33 Two-Handed Swordsman
40:39 Fletching
41:48 Iron Casting
42:30 Chain Mail Armor
42:57 Bodkin Arrow
43:30 Ballistics
45:33 Blast Furnace
44:48 Padded Archer Armor
44:13 Heavy Scorpion
47:46 Pikeman
50:47 Capped Ram
51:22 Halberdier
52:41 Gold Shaft Mining
51:31 Onager
52:14 Bracer
52:20 Scale Barding Armor
52:31 Leather Archer Armor
53:55 Siege Ram
55:01 Tusk Swords
Connection lost

Rejoining the realm…

Still unreachable

The connection could not be restored.

Session expired

The server has moved on; the page needs a fresh start.